 Dungeon Crawl Stone Soup version 0.27.1-3-gb3d3a73c9e (webtiles) character file.

Game seed: 6346584248947499895

77326 MisterFreud the Spry (level 15, 0/80 HPs)
             Began as a Felid Berserker on Oct 25, 2021.
             Was the Champion of Trog.
             Slain by an entropy weaver (12 damage)
             ... on level 3 of the Spider Nest on Oct 26, 2021.
             The game lasted 00:52:53 (27903 turns).

MisterFreud the Spry (Felid Berserker)             Turns: 27903, Time: 00:52:53

Health: 0/80       AC:  3    Str: 14    XL:     15   Next: 15%
Magic:  16/16      EV: 35    Int:  8    God:    Trog [******]
Gold:   1466       SH:  0    Dex: 22    Spells: 14/14 levels left
                                        Lives:  0   Deaths: 2

rFire    . . .     SeeInvis +     - Unarmed
rCold    + . .     Faith    .   (shield unavailable)
rNeg     . . .     Spirit   .   (armour unavailable)
rPois    .         Reflect  .   (helmet unavailable)
rElec    .         Harm     .   (cloak unavailable)
rCorr    .         Rampage  .   (gloves unavailable)
Will     +++..                  (boots unavailable)
Stlth    ++++++....             t - amulet of regeneration
HPRegen  1.23/turn              I - ring of willpower
MPRegen  0.15/turn              k - +4 ring of protection

@: corroded, quick
A: very small, claws 1, fangs 3, see invisible, speed 1, shaggy fur 3, stealthy
paws, no weapons or thrown items, no armour, multi-lived
a: Renounce Religion, Berserk, Trog's Hand, Brothers in Arms


You were on level 3 of the Spider Nest.
You worshipped Trog.
Trog was exalted by your worship.
You visited 3 branches of the dungeon, and saw 25 of its levels.
You also visited: Ossuary and Ice Cave.

You collected 2455 gold pieces.
You spent 989 gold pieces at shops.

Inventory:

Jewellery
 c - a +6 ring of strength
 i - a +6 ring of strength
 k - a +4 ring of protection (right paw)
 o - a ring of protection from fire
 q - a +4 ring of evasion
 t - an amulet of regeneration (around neck)
 F - a +6 ring of strength
 H - a ring of ice
 I - a ring of willpower (left paw)
 J - a +6 ring of strength
Wands
 n - a wand of digging (16)
 x - a wand of flame (35)
 y - a wand of polymorph (11)
 B - a wand of iceblast (46)
 D - a wand of mindburst (19)
 E - a wand of paralysis (28)
Scrolls
 b - 9 scrolls of teleportation
 f - 4 scrolls of blinking
 g - 6 scrolls of torment
 h - 2 scrolls of vulnerability
 m - a scroll of fog
 p - 6 scrolls of magic mapping
 s - 7 scrolls of fear
 C - 7 scrolls of identify
 G - 4 scrolls of immolation
 N - 2 scrolls of holy word
Potions
 a - 9 potions of curing
 d - 2 potions of cancellation
 e - 5 potions of might
 j - 2 potions of magic
 l - 11 potions of heal wounds
 r - 3 potions of lignification
 u - 6 potions of haste
 v - 4 potions of flight
 w - 5 potions of mutation
 z - a potion of resistance
 A - 2 potions of invisibility
 L - 4 potions of attraction
Miscellaneous
 K - a condenser vane (inert)
 M - a box of beasts


   Skills:
 + Level 17.5 Fighting
 + Level 17.9 Dodging
 - Level 15.0 Stealth
 + Level 16.8 Unarmed Combat
 + Level 12.1 Evocations


You had 14 spell levels left.
You didn't know any spells.
Your spell library was empty.

Dungeon Overview and Level Annotations

Branches:
Dungeon (15/15)            Temple (0/1) D:7            Lair (6/6) D:8
 Shoals (0/4) Lair:3       Spider (4/4) Lair:3        Slime (0/5) Lair:5
    Orc (0/2) D:12         Vaults (0/5) D:13         Depths (0/5) D:15
Ossuary (visited)           IceCv (visited)

Altars:
Elyvilon
Gozag
Nemelex Xobeh
Sif Muna
Uskayaw
Xom
Yredelemnul
Beogh
Jiyva
Lugonu

Shops:
D:11 (   D:12 ?

Portals:
Abyss: Lair:6
Trove: D:12 (give 6 scrolls of blinking)

Annotations:
D:3 3 runed translucent doors, othur's ghost, amateur HOFi
Lair:4 2 transporters
Spider:4 Agnes


Innate Abilities, Weirdness & Mutations

You have sharp claws.
You have razor-sharp teeth.
You have supernaturally acute eyesight. (SInv)
You cover ground quickly. (Speed+)
Your thick and shaggy fur keeps you warm. (AC +3, rC+)
Your paws help you pounce on unaware monsters.
You are incapable of wielding weapons or throwing items.
You cannot wear armour.
You gain extra lives every three experience levels.


Message History

Unknown command.
Unknown command.
The jumping spider completely misses you.
The jumping spider barely misses you. The redback barely misses you.
A spectral jumping spider comes into view.
The jumping spider leaps!
The entropy weaver misses you.
The entropy weaver completely misses you. x3
The jumping spider completely misses you.
The jumping spider bites you.
Unknown command.
The redback completely misses you.
The jumping spider leaps!
The jumping spider closely misses you.
The jumping spider completely misses you.
The entropy weaver completely misses you. x2
The entropy weaver hits you but does no damage.
The entropy weaver hits you.
Agnes is caught in a web!
The redback bites you. The entropy weaver hits you! x2
* * * LOW HITPOINT WARNING * * *
The entropy weaver closely misses you. The entropy weaver misses you.
Agnes shouts!
You climb upwards.
There is a stone staircase leading down here.
Unknown command.
Unknown command.
Unknown command.
The jumping spider leaps!
The redback completely misses you.
The jumping spider leaps!
The jumping spider leaps!
The jumping spider leaps!
There is a stone staircase leading up here.
The redback misses you.
The entropy weaver casts a spell at you.
The entropic weave corrodes you! The redback completely misses you.
The jumping spider leaps!
The entropy weaver completely misses you.
The entropy weaver hits you but does no damage.
The entropy weaver hits you!
* * * LOW HITPOINT WARNING * * *
The entropy weaver hits you!
You die...

####### ##....°### ### ###
#######........#####.# ##.#
#...#..........<^.#..## ##.###
#..........^..........#
###....###.#.....^..s........##.
##.......##......B..........#(###
.#.......###....@s.○........#.#
.........# #.###...........##.# #
........## #.# #####>.....###.# #
#....#######.# #.########.###
###.## #.#.# ##....####.#...
#.#### #...### ##.####†....<.##
###....# ##....###.## ##.####...
#......####^....#.## #.# ####
.................## #.# #


You could see an entropy weaver, a jumping spider and a redback.

Vanquished Creatures
  Arachne (Spider:2)
  Jorgrun (Spider:2)
  Rupert (D:12)
  Asterion (Spider:1)
  Frances (D:12)
  Kirke (Lair:6)
  An emperor scorpion (Spider:1)
  2 ghost moths
  An entropy weaver (Spider:3)
  Azrael (Spider:1)
  Josephine (D:13)
  2 ice dragons (D:15)
  11 hydras
  Fannar (D:12)
  5 boulder beetles
  An ogre mage (D:15)
  7 centaur warriors
  8 two-headed ogres
  3 tengu warriors
  5 death yaks (IceCv)
  Urug (D:12)
  3 thrashing horrors (Lair:6)
  A fire crab (shapeshifter) (D:15)
  5 skeletal warriors
  2 spectral wolf spiders (Spider:2)
  A lindwurm (Lair:5)
  13 wolf spiders
  6 wolf spider zombies (Spider:2)
  A harpy (shapeshifter) (D:15)
  An orc knight (D:14)
  8 ugly things
  2 orb spiders
  5 deep elf pyromancers
  An orc sorcerer (D:12)
  Pikel (D:4)
  4 cyclopes
  4 manticores
  A moth of wrath (Spider:3)
  25 elephants
  An ice statue (IceCv)
  8 black mambas
  10 cane toads
  Maggie (D:10)
  An unseen horror (D:10)
  A torpor snail (Spider:2)
  2 smoke demons (Lair:6)
  11 komodo dragons
  4 demonic crawlers (Spider:3)
  A kobold demonologist (D:12)
  12 rime drakes
  A freezing wraith (D:13)
  10 polar bears
  An ancient zyme (Lair:6)
  A jumping spider (shapeshifter) (D:14)
  5 wolf spider simulacra (Spider:2)
  A wind drake (Lair:3)
  19 jumping spiders
  3 meliai (D:14)
  6 trolls
  A merfolk (shapeshifter) (D:13)
  12 hornets
  9 slime creatures
  16 dream sheep
  18 blink frogs
  2 shadows (D:12)
  A spriggan (Lair:6)
  A ynoxinul (Lair:6)
  A large abomination (Lair:6)
  2 vampires (D:14)
  35 redbacks
  12 tarantellas
  3 wyverns
  5 wraiths
  2 fire elementals (Spider:1)
  A hog (shapeshifter) (Lair:6)
  49 yaks
  8 basilisks
  3 hogs (Lair:5)
  A golden eye (shapeshifter) (Lair:6)
  6 vampire mosquitoes
  Grum (D:10)
  2 chaos spawn (Lair:6)
  2 steam dragons
  21 water moccasins
  3 acid dragons
  4 hell hounds (Spider:1)
  3 orc warriors
  A sky beast (D:5)
  4 black bears
  A necrophage (D:6)
  20 wolves
  3 ogres
  19 centaurs
  2 lemures (D:4)
  2 phantoms
  A kobold brigand (D:9)
  Blork the orc (D:5)
  15 bullfrogs
  6 scorpions
  A water moccasin skeleton (D:6)
  27 killer bees
  2 troll zombies (D:12)
  8 wights (D:8)
  3 howler monkeys
  3 electric eels
  2 jellies
  3 centaur zombies
  A bullfrog zombie (D:6)
  2 gnoll shamans
  2 human zombies (Ossuary)
  2 orc priests
  9 small abominations (Lair:6)
  2 centaur skeletons
  A bullfrog skeleton (D:6)
  7 iguanas
  Ijyb (D:4)
  5 orc wizards
  6 ogre zombies (D:12)
  4 mummies
  2 howler monkey zombies
  10 gnolls
  8 adders
  A river rat (D:6)
  A shadow imp (D:5)
  A white imp (D:7)
  An ufetubus (D:6)
  An adder skeleton (D:4)
  4 worms
  3 dart slugs
  29 orcs
  5 ball pythons
  3 endoplasms
  3 giant cockroaches
  2 gnoll zombies (Ossuary)
  9 goblins
  8 hobgoblins
  8 jackals
  9 kobolds
  5 quokkas
  2 bats
  5 frilled lizards
  2 goblin skeletons (D:12)
  A goblin zombie (D:12)
  2 hobgoblin skeletons (D:12)
  2 hobgoblin zombies (D:12)
  2 kobold zombies
  4 orc skeletons (D:12)
  18 orc zombies
  7 rats
  A bush (Lair:6)
788 creatures vanquished.

Vanquished Creatures (collateral kills)
  A frost giant (IceCv)
  An emperor scorpion (Spider:1)
  An entropy weaver (Spider:1)
  A death knight (D:14)
  A wolf spider zombie (Spider:2)
  5 dream sheep (Lair:4)
  2 wraiths (D:14)
  A scorpion (Spider:1)
13 creatures vanquished.

Vanquished Creatures (others)
  2 redbacks (Spider:1)
  A tarantella (Spider:1)
  29 fungi
  27 plants
59 creatures vanquished.

Grand Total: 860 creatures vanquished

Notes
Turn   | Place    | Note
-------+----------+-------------------------------------------
     0 | D:1      | MisterFreud the Felid Berserker began the quest for the
                  | Orb.
     0 | D:1      | Reached XP level 1. HP: 10/10 MP: 2/2
   136 | D:1      | Reached skill level 1 in Stealth
   365 | D:1      | Reached XP level 2. HP: 7/14 MP: 3/3
  1196 | D:2      | Reached ** piety under Trog
  1197 | D:2      | Reached XP level 3. HP: 17/17 MP: 4/4
  1799 | D:3      | Reached XP level 4. HP: 21/21 MP: 5/5
  1942 | D:3      | Identified the +4 dagger of the Dead {freeze, *Slow Int+4
                  | Dex+7}
  1942 | D:3      | Identified the +1 leather armour "Roycolot" {rN+ Str-2
                  | Int+3 Stlth+}
  1994 | D:3      | Found a runed translucent gate.
  1994 | D:3      | Noticed othur's ghost (amateur HOFi)
  2102 | D:3      | Found a runed translucent gate.
  2102 | D:3      | Found a runed translucent gate.
  2159 | D:3      | Reached *** piety under Trog
  2165 | D:3      | Reached XP level 5. HP: 16/24 MP: 6/6
  2653 | D:4      | Noticed a phantom
  2655 | D:4      | Killed a phantom
  2656 | D:4      | Reached skill level 5 in Stealth
  2656 | D:4      | Reached skill level 5 in Unarmed Combat
  2685 | D:4      | Noticed Ijyb
  2694 | D:4      | Killed Ijyb
  2786 | D:4      | Gained mutation: You are covered in thick fur. (AC +2)
                  | [Felid growth]
  2786 | D:4      | Reached XP level 6. HP: 19/28 MP: 7/7
  2966 | D:4      | Noticed Pikel
  3129 | D:4      | Killed Pikel
  3130 | D:4      | Reached XP level 7. HP: 30/31 MP: 8/8
  3805 | D:4      | Found a white marble altar of Elyvilon.
  4020 | D:5      | Entered Level 5 of the Dungeon
  4234 | D:5      | Reached XP level 8. HP: 34/34 MP: 9/9
  4267 | D:5      | Noticed Blork the orc
  4282 | D:5      | Reached skill level 10 in Dodging
  4287 | D:5      | Killed Blork the orc
  4349 | D:5      | Reached **** piety under Trog
  4495 | D:5      | Noticed a hornet
  4505 | D:5      | Killed a hornet
  4506 | D:5      | Reached skill level 5 in Fighting
  4952 | D:6      | Reached XP level 9. HP: 6/41 MP: 10/10
  6325 | D:7      | Reached skill level 1 in Evocations
  6457 | D:7      | Found a sand-covered staircase.
  6462 | Ossuary  | Entered an ossuary
  6509 | Ossuary  | Reached ***** piety under Trog
  6895 | D:7      | Found a staircase to the Ecumenical Temple.
  7426 | D:7      | Reached XP level 10. HP: 45/45 MP: 11/11
  7810 | D:8      | Reached skill level 5 in Evocations
  8180 | D:8      | Found a staircase to the Lair.
  8200 | D:8      | Reached skill level 10 in Stealth
  8701 | D:9      | Noticed a two-headed ogre
  8720 | D:9      | Killed a two-headed ogre
  8856 | D:9      | Reached XP level 11. HP: 48/48 MP: 12/12
  9271 | D:10     | Entered Level 10 of the Dungeon
  9591 | D:10     | Noticed Grum
  9684 | D:11     | Noticed a purple ugly thing
  9694 | D:11     | Killed a purple ugly thing
  9755 | D:11     | Found Nazef's Hydra Hut.
  9779 | D:11     | Noticed a four-headed hydra
  9881 | D:11     | Noticed a two-headed ogre
  9893 | D:11     | Killed a two-headed ogre
 10297 | D:10     | Noticed a tengu warrior
 10297 | D:10     | Noticed a two-headed ogre
 10564 | D:10     | Noticed a two-headed ogre
 10578 | D:10     | Killed a two-headed ogre
 10759 | D:10     | Noticed Maggie
 10779 | D:10     | Killed Maggie
 10842 | D:10     | Killed Grum
 10843 | D:10     | Reached skill level 10 in Evocations
 11441 | D:12     | Noticed Urug
 11441 | D:12     | Found Lidghoath's Magic Scroll Boutique.
 11443 | D:12     | Noticed a deep elf pyromancer
 11611 | Lair:1   | Entered Level 1 of the Lair of Beasts
 11640 | Lair:1   | Found a frozen archway.
 11646 | Lair:1   | Reached skill level 10 in Unarmed Combat
 11648 | IceCv    | Entered an ice cave
 11734 | IceCv    | Noticed a death yak
 11763 | IceCv    | Killed a death yak
 11787 | IceCv    | Reached skill level 15 in Dodging
 11787 | IceCv    | Gained mutation: Your thick and shaggy fur keeps you warm.
                  | (AC +3, rC+) [Felid growth]
 11787 | IceCv    | Reached XP level 12. HP: 22/52 MP: 13/13
 11844 | IceCv    | Noticed a death yak
 11855 | IceCv    | Killed a death yak
 12025 | IceCv    | Noticed a death yak
 12032 | IceCv    | Killed a death yak
 12049 | IceCv    | Reached ****** piety under Trog
 12123 | IceCv    | Noticed a death yak
 12140 | IceCv    | Killed a death yak
 12202 | IceCv    | Noticed a frost giant
 12202 | IceCv    | Noticed a death yak
 12239 | IceCv    | Killed a death yak
 12317 | IceCv    | Killed a frost giant
 14171 | Lair:3   | Noticed a six-headed hydra
 14171 | Lair:3   | Found an opulent altar of Gozag.
 14237 | Lair:3   | Killed a six-headed hydra
 14238 | Lair:3   | Reached XP level 13. HP: 61/61 MP: 14/14
 14446 | Lair:3   | Found a hole to the Spider Nest.
 14483 | Lair:3   | Reached skill level 10 in Fighting
 14521 | Lair:3   | Found a staircase to the Shoals.
 15060 | Lair:4   | Identified a scroll of acquirement
 15061 | Lair:4   | Acquired a manual of Fighting
 15198 | Lair:4   | Found a transporter.
 15200 | Lair:4   | Found a transporter.
 15741 | Lair:5   | Found a viscous altar of Jiyva.
 15741 | Lair:5   | Found a staircase to the Slime Pits.
 16621 | Lair:6   | Entered Level 6 of the Lair of Beasts
 16696 | Lair:5   | Reached XP level 14. HP: 69/69 MP: 15/15
 16870 | Lair:6   | Noticed Kirke
 16947 | Lair:6   | Killed Kirke
 17085 | Lair:6   | Reached skill level 15 in Unarmed Combat
 17612 | Lair:6   | Reached skill level 15 in Fighting
 18841 | Lair:6   | Found a corrupted altar of Lugonu.
 18841 | Lair:6   | Found a one-way gate to the infinite horrors of the Abyss.
 19192 | D:12     | Noticed Frances
 19208 | D:12     | Killed Frances
 19211 | D:12     | Noticed Fannar
 19229 | D:12     | Killed Urug
 19247 | D:12     | Killed Fannar
 19377 | D:12     | Bought a scroll of fear for 52 gold pieces
 19377 | D:12     | Bought a scroll of teleportation for 45 gold pieces
 19377 | D:12     | Bought a scroll of blinking for 112 gold pieces
 19377 | D:12     | Bought a scroll of acquirement for 780 gold pieces
 19377 | D:12     | Acquired 816 gold pieces
 19416 | D:12     | Reached XP level 15. HP: 78/78 MP: 16/16
 19442 | D:12     | Found a staircase to the Orcish Mines.
 19544 | D:12     | Found a portal to a secret trove of treasure.
 19868 | D:12     | Noticed Rupert
 19875 | D:12     | Killed Rupert
 20457 | D:13     | Noticed Josephine
 20477 | D:13     | Killed Josephine
 20879 | D:13     | Found a gate to the Vaults.
 22133 | D:15     | Entered Level 15 of the Dungeon
 22351 | D:15     | Found a staircase to the Depths.
 22509 | D:15     | Found a hide-covered altar of Uskayaw.
 23092 | D:15     | Reached XP level 16. HP: 63/84 MP: 17/17
 23418 | D:15     | Found a radiant altar of Vehumet.
 23421 | D:15     | Found a basalt altar of Yredelemnul.
 23421 | D:15     | Found a sparkling altar of Nemelex Xobeh.
 23423 | D:15     | Found a shimmering altar of Xom.
 23423 | D:15     | Found a basalt altar of Yredelemnul.
 23423 | D:15     | Found a shimmering blue altar of Sif Muna.
 23650 | Spider:1 | Entered Level 1 of the Spider Nest
 23726 | Spider:1 | Noticed Asterion
 23803 | Spider:1 | Noticed an Executioner
 23805 | Spider:1 | Killed Asterion
 23903 | Spider:1 | Noticed Azrael
 23943 | Spider:1 | Killed Azrael
 24481 | Spider:1 | Paralysed by a hornet for 3 turns
 25506 | Spider:2 | Noticed Arachne
 25521 | Spider:2 | HP: 5/126 [Arachne (19)]
 25522 | Spider:2 | Slain by Arachne
 25523 | Spider:2 | Reached XP level 15. HP: -3/120 MP: 16/16
 25782 | Spider:2 | Killed Arachne
 25810 | Spider:2 | Noticed Jorgrun
 25820 | Spider:2 | Killed Jorgrun
 25871 | Spider:1 | HP: 4/80 [wolf spider (9)]
 25987 | Spider:2 | Slain by a wolf spider simulacrum
 25988 | Spider:2 | Reached XP level 14. HP: 0/76 MP: 15/15
 26879 | Spider:3 | Reached skill level 15 in Stealth
 26879 | Spider:3 | Reached XP level 15. HP: 48/80 MP: 16/16
 26881 | Spider:3 | Noticed a ghost moth
 26887 | Spider:3 | Killed a ghost moth
 27749 | Spider:4 | Entered Level 4 of the Spider Nest
 27750 | Spider:4 | Noticed Agnes
 27750 | Spider:4 | Noticed a ghost moth
 27903 | Spider:3 | Slain by an entropy weaver

Illustrated notes

Levels and vault maps discovered:
D:1:      mrwooster_arrival_statue, layout_basic, serial_corexii_hall,
          corexii_hall_statues_x, corexii_hall_statues_x
D:2:      layout_rooms
D:3:      layout_loops_ring, biasface_ghost_orc_armoury
D:4:      layout_basic, kennysheep_mini, uniq_ijyb, uniq_pikel
D:5:      layout_rooms, uniq_blork_the_orc
D:6:      cheibrodos_two_vegetables, layout_basic, gup_sewer_entry_bubbles,
          st_stairs_8, grunt_ministairs_14, water_maze_lemuel
D:7:      layout_basic, minmay_temple_entry_junction,
          nicolae_ossuary_entry_giza, eino_jars
D:8:      minmay_weird_star, layout_loops_ring, grunt_lair_entry_orc_guard_hut
D:9:      layout_irregular_city
D:10:     layout_stronghold, onia_ninara_dug_in_and_dangerous, uniq_maggie,
          uniq_grum
D:11:     layout_loops_corners, doesnt_shop_hydraphobe
D:12:     layout_loops_ring, zombieorc2_lemuel, serial_shops,
          nicolae_shop_waterfront, enter_trove_1, uniq_fannar, uniq_urug,
          uniq_frances, uniq_rupert
D:13:     layout_stronghold, david_vaults_4, serial_bayou_pond_c,
          minmay_misc_feat_enclosed, uniq_josephine
D:14:     minmay_opposing_rooms, layout_loops_ring, serial_park_square2
D:15:     grunt_enter_depths_hoard, layout_irregular_city, doesnt_xom_only_xom,
          nicolae_uskayaw_murder_on_the_dancefloor
Lair:1:   layout_cave_pods, portal_ice_cave_rime
Lair:2:   layout_concentric_octagons, beast_lair_carwin_8, lemuel_fruit_fields
Lair:3:   layout_cave_shapes, minmay_shoals_entry_beasts, spider_nest_entry_a,
          basic_altar, serial_bayou_shore_a
Lair:4:   gammafunk_boulding_lane, layout_long_grid,
          grunt_forest_small_clearing_treed
Lair:5:   layout_regular_city, slime_altar_1
Lair:6:   hellmonk_lair_end_abyssal_woods, layout_cave_pods,
          nicolae_quartered_pool_little, infiniplex_staircase_pool,
          grunt_megastairs_2, lemuel_fruit_tree, uniq_kirke
Spider:1: spiders_nest_scorpion_pit, hangedman_spider_tarantella_strand,
          uniq_azrael, uniq_asterion
Spider:2: layout_spider_delve, nicolae_spider_undead_wolf_pack, uniq_arachne,
          uniq_jorgrun
Spider:3: layout_chambers, nicolae_spider_twisty_arc_passages
Spider:4: floodkiller_spider_rune_tomb, guppyfry_spider_mini_1, uniq_agnes

Skill      XL: |  1  2  3  4  5  6  7  8  9 10 11 12 13 14 15 16 |
---------------+-------------------------------------------------+-----
Stealth        | 1 2 3 4 6 9 10 15 13 14 | 15.0
Unarmed Combat | 4 5 6 7 8 10 12 14 15 16 | 16.8
Dodging        | 7 9 10 11 12 15 16 17 | 17.9
Fighting       | 6 9 12 15 16 17 | 17.5
Evocations     | 3 7 10 12 11 | 12.1

Action                   |  1- 3 |  4- 6 |  7- 9 | 10-12 | 13-15 | 16-18 || total
-------------------------+-------+-------+-------+-------+-------+-------++-------
Melee: Unarmed           |    92 |    67 |   336 |   741 |  1558 |   231 ||  3025
       Bite              |     4 |     9 |    43 |   106 |   244 |    30 ||   436
       Punch             |     1 |     2 |    13 |    43 |   159 |    20 ||   238
Invok: Berserk           |     4 |     5 |    11 |    18 |    41 |     7 ||    86
       Trog's Hand       |       |       |     1 |     5 |     7 |     1 ||    14
       Brothers in Arms  |       |       |       |     1 |     4 |     2 ||     7
Evoke: Wand              |       |       |     8 |     3 |     7 |     4 ||    22
       Condenser vane    |       |       |       |     1 |     4 |     2 ||     7
       Box of beasts     |       |       |       |       |       |     1 ||     1
  Use: Scroll            |       |       |    11 |    10 |     7 |     3 ||    31
       Potion            |       |       |       |       |     3 |     1 ||     4
 Stab: Sleeping          |     4 |     4 |    22 |    22 |    27 |     8 ||    87
       Distracted        |       |     2 |     1 |     2 |     8 |     2 ||    15
       Invisible         |       |       |       |       |     2 |       ||     2
Armor: Skin              |     6 |     5 |    25 |    35 |   153 |    15 ||   239
Dodge: Dodged            |    56 |    31 |   284 |   895 |  1828 |   300 ||  3394
